 Dungeon Crawl Stone Soup version 0.30-a0-1043-g60ff8d5f49 (webtiles) character file.

Game seed: 9288207980900460631

68561 Pimp the Black Sun (level 14, -6/108 HPs)
             Began as a Demonspawn Fighter on Apr 9, 2023.
             Was a High Priest of Kikubaaqudgha.
             Mangled by a salamander
             ... wielding a +2 glaive
              (7 damage)
             ... on level 1 of the Snake Pit on Apr 10, 2023.
             The game lasted 01:32:33 (23402 turns).

Pimp the Black Sun (Demonspawn Fighter)            Turns: 23402, Time: 01:32:34

Health: -6/108     AC: 25    Str: 23    XL:     14   Next: 87%
Magic:  28/30      EV: 15    Int: 18    God:    Kikubaaqudgha [*****.]
Gold:   1596       SH:  0    Dex: 16    Spells: 9/37 levels left

rFire   + . .      SeeInvis .    w - +4 lajatang "Janwi" {freeze, *Rage rPois Int+7 Dex+4}
rCold   . . .      Faith    .    (shield currently unavailable)
rNeg    . . .      Spirit   .    A - +0 plate armour
rPois   +          Reflect  .    F - +2 hat
rElec   .          Rampage  .    e - +0 cloak
rCorr   .          Rage     20%  o - +1 pair of gloves
Will    +....                    k - +2 pair of boots Stlth
                                 (no amulet)
HPRegen 0.38/turn                K - +5 ring of evasion
MPRegen 0.22/turn                O - ring of protection from fire

@: lethally poisoned (-6 -> -9), animating dead, slowed, very slow
A: antennae 2, yellow scales 2, powered by death 2, spiny 3, talons 1, strong 1
a: Renounce Religion, Unearth Wretches, Torment


You were on level 1 of the Snake Pit.
You worshipped Kikubaaqudgha.
Kikubaaqudgha was extremely pleased with you.
You visited 5 branches of the dungeon, and saw 20 of its levels.
You also visited: Gauntlet and Ice Cave.

You collected 1823 gold pieces.
You spent 227 gold pieces at shops.

Inventory:

Hand Weapons
 a - a +0 war axe of venom
 w - the +4 lajatang "Janwi" (weapon) {freeze, *Rage rPois Int+7 Dex+4}
   (You acquired it on level 10 of the Dungeon)

   Int:       It affects your intelligence (+7).
   Dex:       It affects your dexterity (+4).
   rPois:     It protects you from poison.
   *Rage:     It berserks you when you make melee attacks (+20% chance).
 M - the +6 sling of Bankruptcy {heavy, +Blink rC+ Will-}
   (You found it in a Gauntlet)

   rC:        It protects you from cold.
   +Blink:    It lets you blink.
   Will:      It decreases your willpower.
Missiles
 u - a throwing net
Armour
 b - a +0 scale mail
 c - a +0 buckler
 e - a +0 cloak (worn)
 j - a +0 robe of the Archmagi
 k - a +2 pair of boots (worn)
 o - a +1 pair of gloves (worn)
 q - an orb of light
 A - a +0 plate armour (worn)
 F - a +2 hat (worn)
Magical Staves
 f - a staff of death
Jewellery
 G - a ring of ice
 K - a +5 ring of evasion (left hand)
 O - a ring of protection from fire (right hand)
 Q - a ring of protection from cold
 T - a ring of fire
 Y - a ring of fire
 Z - a ring of see invisible
Wands
 l - a wand of paralysis (5)
 p - a wand of flame (67) (quivered)
 t - a wand of mindburst (8)
 C - a wand of digging (2)
 N - a wand of roots (10)
 R - a wand of quicksilver (8)
Scrolls
 d - a scroll of enchant armour
 i - 2 scrolls of fog
 m - 11 scrolls of teleportation
 s - 2 scrolls of immolation
 v - 4 scrolls of magic mapping
 y - 2 scrolls of brand weapon
 B - 3 scrolls of silence
 D - 4 scrolls of amnesia
 E - 3 scrolls of identify
 H - 3 scrolls of poison
 J - 5 scrolls of enchant weapon
 L - 4 scrolls of fear
 P - a scroll of butterflies
Potions
 g - 8 potions of curing
 h - a potion of flight
 n - 3 potions of lignification
 x - 3 potions of heal wounds
 z - 3 potions of mutation
 I - a potion of ambrosia
 U - 2 potions of resistance
 V - 2 potions of magic
 W - a potion of cancellation
Miscellaneous
 S - a lightning rod (4/4)


   Skills:
 + Level 9.2 Fighting
 - Level 3.6 Axes
 + Level 7.2 Staves
 + Level 8.4 Armour
 + Level 7.1 Dodging
 - Level 4.2 Shields
 * Level 12.4 Spellcasting
 * Level 8.3 Summonings
 * Level 14.6 Necromancy


You had 9 spell levels left.
You knew the following spells:

 Your Spells              Type           Power      Damage    Failure   Level
a - Animate Dead          Necr           59%        N/A       1%          4
b - Haunt                 Necr/Summ      25%        N/A       99%         7
c - Infestation           Necr           29%        N/A       100%        8
d - Vampiric Draining     Necr           59%        2d10      1%          3
e - Sublimation of Blood  Necr           59%        N/A       1%          2
f - Dispel Undead         Necr           59%        3d21      1%          4

Your spell library contained the following spells:

 Spells                   Type           Power      Damage    Failure   Level
 Necrotise                Necr           100%       1d9       1%          1
 Summon Small Mammal      Summ           100%       N/A       2%          1
 Kiss of Death            Conj/Necr      100%       2d13      4%          1
 Agony                    Necr           59%        N/A       5%          5
 Call Canine Familiar     Summ           41%        N/A       9%          3
 Death Channel            Necr           29%        N/A       30%         6
 Summon Guardian Golem    Hex/Summ       26%        N/A       41%         3
 Foxfire                  Conj/Fire      44%        2x1d6     63%         1
 Freeze                   Ice            44%        1d6       63%         1
 Sandblast                Erth           22%        2d7       63%         1
 Sting                    Tmut/Pois      44%        1d5       63%         1
 Blink                    Tloc           22%        N/A       77%         2
 Lesser Beckoning         Tloc           22%        N/A       77%         2
 Momentum Strike          Conj/Tloc      22%        3d8       77%         2
 Passwall                 Tmut/Erth      9%         N/A       77%         2
 Scorch                   Fire           22%        2d6       77%         2
 Summon Ice Beast         Ice/Summ       26%        N/A       83%         4
 Hailstorm                Conj/Ice       11%        3d5       94%         3
 Inner Flame              Hex/Fire       11%        N/A       94%         3
 Ozocubu's Armour         Ice            11%        N/A       94%         3
 Portal Projectile        Hex/Tloc       22%        N/A       94%         3
 Stone Arrow              Conj/Erth      22%        3d8       94%         3
 Volatile Blastmotes      Fire/Tloc      22%        2d11      94%         3
 Summon Mana Viper        Hex/Summ       26%        N/A       99%         5
 Simulacrum               Ice/Necr       18%        N/A       99%         6
 Summon Cactus Giant      Summ           20%        N/A       99%         6
 Flame Wave               Conj/Fire      11%        2d6       100%        4
 Fulminant Prism          Conj/Hex       5%         3d7       100%        4
 Ice Form                 Ice/Tmut       11%        N/A       100%        4
 Iskenderun's Mystic Bla  Conj/Tloc      11%        2d4       100%        4
 Leda's Liquefaction      Hex/Erth       5%         N/A       100%        4
 Sticky Flame             Conj/Fire      11%        2d3       100%        4
 Fireball                 Conj/Fire      5%         3d5       100%        5
 Freezing Cloud           Conj/Ice/Air   5%         6-21      100%        5
 Irradiate                Conj/Tmut      5%         3d13      100%        5
 Iskenderun's Battlesphe  Conj           11%        2d7       100%        5
 Lee's Rapid Deconstruct  Erth           5%         3d6*      100%        5
 Metabolic Englaciation   Hex/Ice        5%         N/A       100%        5
 Silence                  Hex/Air        5%         N/A       100%        5
 Yara's Violent Unravell  Hex/Tmut       5%         3d4       100%        5
 Conjure Ball Lightning   Conj/Air       5%         3x3d6     100%        6
 Plasma Beam              Fire/Air       5%         2x1d17    100%        6
 Starburst                Conj/Fire      5%         6d4       100%        6
 Enfeeble                 Hex            5%         N/A       100%        7
 Monstrous Menagerie      Summ           20%        N/A       100%        7
 Borgnjor's Revivificati  Necr           29%        N/A       100%        8
 Discord                  Hex            5%         N/A       100%        8
 Disjunction              Tloc           5%         N/A       100%        8
 Necromutation            Tmut/Necr      18%        N/A       100%        8
 Summon Horrible Things   Summ           20%        N/A       100%        8


Dungeon Overview and Level Annotations

Branches:
Dungeon (11/15)            Temple (1/1) D:7            Lair (5/5) D:11
  Swamp (0/4) Lair:2        Snake (1/4) Lair:2        Slime (0/5) Lair:5
    Orc (2/2) D:9             Elf (0/3) Orc:2         IceCv (visited)
Gauntlet (visited)

Altars:
Ashenzari
Cheibriados
Dithmenos
Fedhas
Gozag
Hepliaklqana
Kikubaaqudgha
Makhleb
Nemelex Xobeh
Okawaru
Qazlal
Ru
Sif Muna
Trog
Uskayaw
Vehumet
Wu Jian
Xom
Yredelemnul
Jiyva

Shops:
D:1 (   D:2 !   D:3 [   D:4 !   D:5 [   D:10 *   Orc:2 !

Annotations:
D:11 2 transporters, Zuvosuq's ghost, journeyman DsDe
Orc:2 Saint Roka


Innate Abilities, Weirdness & Mutations

You have a pair of antennae on your head.
You are mostly covered in yellow scales. (AC +3)
You regenerate health from kills.
You are completely covered in sharp spines.
You have sharp toenails.
Your muscles are strong. (Str +4, Int/Dex -1)


Message History

Your guardian serpent zombie hits the salamander!
You feel much better. The naga mage spits poison at you.
The splash of poison hits you but does no damage.
You are poisoned.
You resist. The naga spits poison at you. The splash of poison misses you.
Your guardian serpent zombie hits the salamander!
The naga warrior roars a battlecry!
The nagas go into a battle-frenzy!
The salamander hits you from afar with a +2 glaive!!
You are engulfed in flames.
You resist.
The naga barely misses your guardian serpent zombie.
The naga grabs your guardian serpent zombie.
The naga constricts your guardian serpent zombie.
The naga hits you but does no damage.
You slice the naga warrior!! You freeze the naga warrior.
The naga warrior is severely wounded.
You feel very sick.
Your guardian serpent zombie hits the naga.
The naga mage casts a spell at you.
The bolt of poison hits you but does no damage.
You resist. The naga warrior spits poison at you.
The splash of poison hits you but does no damage.
You resist.
The salamander hits you from afar with a +2 glaive!!
* * * LOW HITPOINT WARNING * * *
You are engulfed in flames.
You resist.
* * * LOW HITPOINT WARNING * * *
The naga mage is struck by your spines. The naga mage misses you.
Your guardian serpent zombie hits the naga.
The naga loses its grip on your guardian serpent zombie.
The naga closely misses you. The naga warrior closely misses you.
The salamander hits you from afar with a +2 glaive.
* * * LOW HITPOINT WARNING * * *
You are engulfed in flames!
You resist.
You die...
Kikubaaqudgha rasps: "You have failed me!
Welcome... death!"

.............## ###
....... .#.........###..
#...... ###....)......§
#...... ##........≈≈§
#..... ##......≈§≈§≈
##..... ##.......§≈≈§.
#......####.......§§§...
#....Z............≈§§...
.....NN@.........≈≈≈....
.....NNN.........≈≈≈....
...............###≈#####
................§§§≈≈§≈.
................§≈§≈§≈§.
..................§≈≈...
..................≈§...≈
..................§.).≈≈
.................≈≈§


You could see a naga warrior, a salamander (strong), a naga mage (fast, strong),
2 nagas and a friendly guardian serpent zombie.

Vanquished Creatures
  Gastronok (D:9)
  A minotaur (Lair:1)
  2 anacondas (Snake:1)
  2 hydras
  2 boulder beetles
  2 two-headed ogres
  4 death yaks (Lair:1)
  An orc high priest (Orc:1)
  A shock serpent (Snake:1)
  2 skeletal warriors (D:11)
  3 skysharks
  A salamander mystic (Snake:1)
  A naga ritualist (Snake:1)
  A lindwurm (Lair:2)
  A necromancer (D:10)
  Pikel (D:6)
  A phantasmal warrior (Lair:3)
  2 mana vipers (Snake:1)
  2 orc knights
  An ugly thing (D:11)
  2 orc sorcerers (Orc:1)
  6 salamanders (Snake:1)
  Maurice (D:9)
  2 guardian serpents (Snake:1)
  6 elephants
  A naga mage (Snake:1)
  4 black mambas (Snake:1)
  7 cane toads
  2 komodo dragons
  2 rime drakes
  An unseen horror zombie (D:9)
  2 ice devils (Lair:2)
  6 polar bears (Lair:5)
  3 trolls
  2 blink frogs
  3 raiju (Lair:5)
  A shadow (D:10)
  18 yaks
  A slime creature (Lair:5)
  A basilisk (Lair:3)
  A spriggan (Lair:1)
  A vampire (D:9)
  A human (Lair:3)
  2 wraiths (D:10)
  8 wyverns
  A steam dragon (D:7)
  Grum (D:9)
  3 vampire mosquitoes (D:10)
  A swamp worm (Lair:2)
  8 wargs
  A naga (Snake:1)
  9 water moccasins
  7 hell hounds (Lair:5)
  Edmund (D:6)
  A floating eye (Gauntlet)
  11 orc warriors
  8 black bears
  A sky beast (D:7)
  21 wolves
  10 ogres
  8 centaurs
  3 kobold brigands
  3 necrophages (D:9)
  19 bullfrogs
  4 scorpions
  A wyvern zombie (D:9)
  12 wights
  6 killer bees
  7 howler monkeys
  A human zombie (D:9)
  2 jellies
  Crazy Yiuf (D:6)
  A centaur zombie (D:9)
  A gnoll bouda (D:4)
  2 hounds (D:4)
  12 orc priests
  2 hell rats (Lair:5)
  3 iguanas
  2 sleepcaps
  17 orc wizards
  4 yak simulacra (D:10)
  2 polar bear simulacra (D:10)
  5 wolf simulacra (D:10)
  A mummy (D:9)
  A howler monkey zombie (D:9)
  8 gnolls
  3 river rats (Lair:5)
  5 adders
  3 white imps
  2 dart slugs (D:1)
  55 orcs
  7 ball pythons
  A bat (D:3)
  5 endoplasms
  2 giant cockroaches (D:1)
  7 goblins
  9 hobgoblins
  5 jackals
  14 kobolds
  5 quokkas
  3 frilled lizards
  6 rats
460 creatures vanquished.

Vanquished Creatures (collateral kills)
  Aizul (Snake:1)
  4 hydras
  2 anacondas (Snake:1)
  A shock serpent (Snake:1)
  A lindwurm (Lair:2)
  An orc sorcerer (Orc:1)
  10 salamanders (Snake:1)
  A guardian serpent (Snake:1)
  5 elephants (Lair:5)
  A naga mage (Snake:1)
  6 black mambas
  2 cane toads
  A rime drake (Lair:5)
  A komodo dragon (Lair:1)
  3 polar bears (Lair:5)
  A troll (Orc:1)
  2 blink frogs (Lair:2)
  3 raiju (Lair:5)
  A wyvern (Lair:2)
  A wraith (D:9)
  3 yaks
  A basilisk (Lair:5)
  A steam dragon (D:9)
  A vampire mosquito (D:10)
  2 wargs
  2 nagas (Snake:1)
  A water moccasin (Lair:5)
  4 hell hounds (Lair:5)
  4 black bears (Lair:5)
  An ogre (Orc:1)
  A sky beast (D:7)
  2 wolves (Lair:5)
  2 jellies (Lair:5)
  A lava snake (Snake:1)
  2 orc priests (Orc:1)
  An orc wizard (Orc:1)
  4 river rats (Lair:5)
  2 orcs
83 creatures vanquished.

Vanquished Creatures (others)
  3 anaconda zombies (Snake:1)
  An orc sorcerer (Orc:2)
  A cane toad (Lair:3)
  A mana viper zombie (Snake:1)
  A hydra zombie (Lair:5)
  A guardian serpent zombie (Snake:1)
  4 black mamba zombies
  A yak (Lair:3)
  A slime creature zombie (Lair:5)
  A two-headed ogre zombie (Orc:2)
  2 cane toad zombies (Lair:5)
  A lindwurm zombie (Lair:2)
  A black bear (Lair:5)
  An ogre (Orc:2)
  A bullfrog (Lair:3)
  2 water moccasin zombies
  3 yak zombies
  A troll zombie (Orc:1)
  A warg zombie (Lair:5)
  3 polar bear zombies (Lair:5)
  5 wolf zombies
  3 centaur zombies (D:11)
  4 bullfrog zombies
  2 black bear zombies (Lair:5)
  A killer bee zombie (D:11)
  2 ogre zombies (Orc:2)
  3 jelly zombies (Lair:5)
  26 orc zombies
  74 fungi
  110 plants
261 creatures vanquished.

Grand Total: 804 creatures vanquished

Notes
Turn   | Place    | Note
-------+----------+-------------------------------------------
     0 | D:1      | Pimp the Demonspawn Fighter began the quest for the Orb.
     0 | D:1      | Reached XP level 1. HP: 18/18 MP: 1/1
     6 | D:1      | Noticed a salamander
     6 | D:1      | Noticed a snapping turtle
     6 | D:1      | Noticed a polar bear
     6 | D:1      | Noticed a swamp worm
     6 | D:1      | Noticed a scorpion
    45 | D:1      | Found Mecakhlumeo's Weapon Emporium.
   100 | D:1      | Gained mutation: You are partially covered in yellow
                  | scales. (AC +2) [demonic ancestry]
   100 | D:1      | Reached XP level 2. HP: 23/24 MP: 2/2
   698 | D:2      | Gained mutation: You are partially covered in sharp spines.
                  | [demonic ancestry]
   698 | D:2      | Reached XP level 3. HP: 29/29 MP: 3/3
   753 | D:2      | Found a shimmering altar of Xom.
   864 | D:2      | Found Fuskupt's Distillery.
   890 | D:2      | Found a faded altar of an unknown god.
   899 | D:2      | Bought a potion of heal wounds for 65 gold pieces
  1711 | D:3      | Found Senol's Armour Shoppe.
  1766 | D:3      | Found an iron altar of Okawaru.
  2119 | D:4      | Reached XP level 4. HP: 26/36 MP: 4/4
  2227 | D:4      | Noticed an ogre
  2229 | D:4      | Gained mutation: You are dopey. (Int -2) [potion of
                  | mutation]
  2229 | D:4      | Gained mutation: You are agile. (Dex +4, Str/Int -1)
                  | [potion of mutation]
  2233 | D:4      | Killed an ogre
  2234 | D:4      | Reached XP level 5. HP: 16/42 MP: 5/5
  2483 | D:4      | Reached XP level 6. HP: 48/48 MP: 6/6
  2548 | D:4      | Learned a level 4 spell: Animate Dead
  3056 | D:4      | Found Igisaf's Distillery.
  3251 | D:5      | Entered Level 5 of the Dungeon
  3464 | D:5      | HP: 2/49 [sleepcap (2)]
  3478 | D:4      | Reached skill level 1 in Necromancy
  3705 | D:4      | Reached skill level 1 in Spellcasting
  3705 | D:4      | Gained mutation: You are mostly covered in sharp spines.
                  | [demonic ancestry]
  3705 | D:4      | Reached XP level 7. HP: 20/55 MP: 8/8
  3967 | D:5      | Reached skill level 2 in Necromancy
  4182 | D:5      | Found Erholupt's Armour Emporium.
  4379 | D:6      | Reached skill level 3 in Necromancy
  4428 | D:6      | Noticed Pikel
  4442 | D:6      | Killed Pikel
  4443 | D:6      | Reached skill level 5 in Necromancy
  4443 | D:6      | Reached XP level 8. HP: 20/61 MP: 11/14
  4738 | D:6      | Reached skill level 6 in Necromancy
  4895 | D:6      | Noticed Edmund
  4901 | D:6      | Reached skill level 5 in Spellcasting
  4911 | D:6      | Killed Edmund
  5258 | D:6      | Reached skill level 7 in Necromancy
  5280 | D:6      | Gained mutation: You regenerate a little health from kills.
                  | [demonic ancestry]
  5280 | D:6      | Reached XP level 9. HP: 29/63 MP: 17/17
  5448 | D:6      | Found a runed translucent door.
  5449 | D:6      | Noticed Crazy Yiuf
  5747 | D:6      | Killed Crazy Yiuf
  6254 | D:7      | Reached skill level 8 in Necromancy
  6649 | D:7      | Found a staircase to the Ecumenical Temple.
  6976 | D:7      | Reached skill level 9 in Necromancy
  7079 | Temple   | Entered the Ecumenical Temple
  7829 | D:8      | Found a shadowy altar of Dithmenos.
  7835 | D:8      | Gained mutation: You have a pair of small antennae on your
                  | head. [demonic ancestry]
  7835 | D:8      | Reached XP level 10. HP: 61/73 MP: 20/22
  8276 | D:8      | Learned a level 7 spell: Haunt
  8285 | D:8      | Learned a level 8 spell: Infestation
  8295 | D:8      | Found a bloodstained altar of Trog.
  8352 | D:8      | Found an ornate altar of the Wu Jian Council.
  8675 | D:8      | Found a snail-covered altar of Cheibriados.
  8675 | D:8      | Found a sparkling altar of Nemelex Xobeh.
  8676 | D:8      | Noticed a two-headed ogre
  8696 | D:8      | Killed a two-headed ogre
  8697 | D:8      | Reached skill level 1 in Staves
  8697 | D:8      | Reached skill level 1 in Dodging
  8697 | D:8      | Reached skill level 10 in Necromancy
  8724 | D:8      | Reached skill level 5 in Fighting
  9362 | D:9      | Noticed Grum
  9373 | D:9      | Killed Grum
  9458 | D:9      | Found a shimmering blue altar of Sif Muna.
  9569 | D:9      | Got Sif Muna's Grimoire of Evolution
  9571 | D:9      | Got Sif Muna's Codex of Cold
  9689 | D:9      | Found a staircase to the Orcish Mines.
  9747 | D:9      | Noticed Maurice
  9772 | D:9      | Killed Maurice
 10052 | D:9      | Noticed Gastronok
 10120 | D:9      | Killed Gastronok
 10121 | D:9      | Reached skill level 5 in Armour
 10465 | D:9      | Gained mutation: You are mostly covered in yellow scales.
                  | (AC +3) [demonic ancestry]
 10465 | D:9      | Reached XP level 11. HP: 53/81 MP: 23/23
 10550 | D:9      | Found an ancient bone altar of Kikubaaqudgha.
 10572 | D:9      | Became a worshipper of Kikubaaqudgha
 10660 | D:9      | Lost mutation: You are dopey. (Int -2) [potion of mutation]
 10660 | D:9      | Lost mutation: You are agile. (Dex +4, Str/Int -1) [potion
                  | of mutation]
 10660 | D:9      | Gained mutation: You have a pair of antennae on your head.
                  | [potion of mutation]
 10660 | D:9      | Gained mutation: You have hidden genetic potential. [potion
                  | of mutation]
 10960 | D:10     | Entered Level 10 of the Dungeon
 11001 | D:10     | Noticed a necromancer
 11007 | D:10     | Killed a necromancer
 11844 | D:10     | Found Jenoc's General Store.
 11849 | D:10     | Bought a potion of heal wounds for 65 gold pieces
 11849 | D:10     | Bought a scroll of enchant weapon for 97 gold pieces
 11852 | D:10     | Identified a scroll of acquirement
 12369 | D:10     | Acquired the +4 lajatang "Janwi" {freeze, *Rage rPois Int+7
                  | Dex+4}
 12684 | D:10     | Found a shimmering altar of Xom.
 12685 | D:10     | Found a hazy altar of Hepliaklqana.
 12686 | D:10     | Noticed a hell beast
 12851 | D:11     | Noticed a boulder beetle
 12875 | D:11     | Killed a boulder beetle
 12876 | D:11     | Reached skill level 11 in Necromancy
 12903 | D:11     | Noticed a skeletal warrior
 12903 | D:11     | Noticed a skeletal warrior
 12908 | D:11     | Found a staircase to the Lair.
 12990 | Orc:1    | Entered Level 1 of the Orcish Mines
 13066 | Orc:1    | Reached * piety under Kikubaaqudgha
 13066 | Orc:1    | Received a gift from Kikubaaqudgha
 13069 | Orc:1    | Noticed an orc high priest
 13076 | Orc:1    | Noticed a sixfirhy
 13513 | Orc:1    | Noticed an orc knight
 13514 | Orc:1    | Noticed an orc sorcerer
 13522 | Orc:1    | Killed an orc knight
 13523 | Orc:1    | Paralysed by an orc sorcerer for 3 turns
 13835 | Orc:1    | Noticed an orc sorcerer
 13839 | Orc:1    | Reached ** piety under Kikubaaqudgha
 13841 | Orc:1    | Killed an orc sorcerer
 13945 | Orc:1    | Killed an orc high priest
 14282 | Orc:1    | Killed an orc sorcerer
 14628 | Orc:2    | Entered Level 2 of the Orcish Mines
 14628 | Orc:2    | Found a staircase to the Elven Halls.
 14662 | Orc:2    | Noticed a two-headed ogre
 14669 | Orc:2    | Killed a two-headed ogre
 14670 | Orc:2    | Reached XP level 12. HP: 57/91 MP: 22/25
 14672 | Orc:2    | Found Feolar's Distillery.
 14681 | Orc:2    | Found a radiant altar of Vehumet.
 14901 | Orc:2    | Paralysed by an orc sorcerer for 2 turns
 14902 | Orc:2    | Noticed Saint Roka
 14938 | Orc:2    | Gained mutation: Your muscles are strong. (Str +4, Int/Dex
                  | -1) [hidden potential]
 14973 | Orc:1    | Paralysed by an orc sorcerer for 4 turns
 15271 | Orc:2    | Reached skill level 10 in Spellcasting
 15577 | Orc:1    | Learned a level 3 spell: Vampiric Draining
 15580 | Orc:1    | Learned a level 2 spell: Sublimation of Blood
 15622 | Orc:2    | Reached skill level 1 in Summonings
 15840 | D:11     | Reached skill level 5 in Staves
 15840 | D:11     | Reached skill level 12 in Necromancy
 16063 | D:11     | Found a transporter.
 16063 | D:11     | Noticed Zuvosuq's ghost (journeyman DsDe)
 16079 | D:11     | Found a transporter.
 16796 | Lair:1   | Entered Level 1 of the Lair of Beasts
 16915 | Lair:1   | Noticed a death yak
 16917 | Lair:1   | Noticed a death yak
 16918 | Lair:1   | Noticed a death yak
 16928 | Lair:1   | Killed a death yak
 16929 | Lair:1   | Reached skill level 5 in Dodging
 16934 | Lair:1   | Killed a death yak
 16936 | Lair:1   | Killed a death yak
 17154 | Lair:1   | Found a gate leading to a gauntlet.
 17233 | Gauntlet | Entered a Gauntlet
 17233 | Gauntlet | Found a transporter.
 17237 | Gauntlet | Found a transporter.
 17252 | Gauntlet | Found a transporter.
 17256 | Gauntlet | Found a runed translucent door.
 17256 | Gauntlet | Found a runed translucent door.
 17268 | Gauntlet | Found a transporter.
 17270 | Gauntlet | Found a transporter.
 17277 | Gauntlet | Noticed a ghost crab
 17289 | Gauntlet | Found a transporter.
 17296 | Gauntlet | Found a transporter.
 17306 | Gauntlet | Found a transporter.
 17316 | Gauntlet | Found a transporter.
 17334 | Gauntlet | Found a transporter.
 17340 | Gauntlet | Found a transporter.
 17343 | Gauntlet | Found a transporter.
 17391 | Gauntlet | Found a transporter.
 17439 | Gauntlet | Noticed a minotaur
 17444 | Gauntlet | Identified the +6 sling of Bankruptcy {heavy, +Blink rC+
                  | Will-}
 17446 | Gauntlet | Got Kikubaaqudgha's Compendium of Wicked Magic
 17455 | Lair:1   | Killed a minotaur
 17643 | Lair:1   | Noticed a death yak
 17655 | Lair:1   | Killed a death yak
 18000 | Lair:2   | Reached *** piety under Kikubaaqudgha
 18000 | Lair:2   | Received a gift from Kikubaaqudgha
 18199 | Lair:2   | Found a staircase to the Snake Pit.
 18257 | Lair:2   | Found a frozen archway.
 18272 | Lair:2   | Gained mutation: You are completely covered in sharp
                  | spines. [demonic ancestry]
 18272 | Lair:2   | Reached XP level 13. HP: 98/98 MP: 27/27
 18279 | IceCv    | Entered an ice cave
 18524 | Lair:2   | Gained mutation: You have sharp toenails. [hidden
                  | potential]
 18524 | Lair:2   | Lost mutation: You have hidden genetic potential. [hidden
                  | potential expressed]
 18643 | Lair:2   | Learned a level 4 spell: Dispel Undead
 19088 | Lair:2   | Reached skill level 13 in Necromancy
 19096 | Lair:2   | Found a staircase to the Swamp.
 19416 | Lair:3   | Reached skill level 5 in Summonings
 20140 | Lair:3   | Found a runed translucent door.
 21302 | Lair:4   | Acquired the Verses on the Catacomb and Creation
 21369 | Lair:5   | Entered Level 5 of the Lair of Beasts
 21397 | Lair:5   | Found a viscous altar of Jiyva.
 21399 | Lair:5   | Found a staircase to the Slime Pits.
 21407 | Lair:5   | Reached **** piety under Kikubaaqudgha
 21873 | Lair:5   | Gained mutation: You regenerate health from kills. [demonic
                  | ancestry]
 21873 | Lair:5   | Reached XP level 14. HP: 71/106 MP: 29/29
 21878 | Lair:5   | Reached ***** piety under Kikubaaqudgha
 21925 | Lair:5   | Reached skill level 14 in Necromancy
 22663 | Snake:1  | Entered Level 1 of the Snake Pit
 22902 | Snake:1  | Noticed Aizul
 22907 | Snake:1  | Killed Aizul
 23367 | Snake:1  | Got Keapp's Even More Spellcasting
 23402 | Snake:1  | HP: 5/108 [salamander/+2 glaive (6)]
 23402 | Snake:1  | HP: 1/108 [salamander/+2 glaive (4)]
 23402 | Snake:1  | Mangled by a salamander

Illustrated notes

Levels and vault maps discovered:
D:1:      onia_arrival_zoo_common, layout_basic, serial_shops,
          nicolae_shop_competitors_out_of_business
D:2:      layout_basic, basic_ecumenical_altar, basic_altar, serial_shops,
          nicolae_shop_waterfront
D:3:      layout_loops_corners, nicolae_overflow_crystal_walls, serial_shops,
          shop, hangedman_decor_growths, kennysheep_generic_room_9
D:4:      layout_cave_pods, nicolae_inconvenience_store,
          hangedman_minor_gate_pass
D:5:      layout_rooms, serial_shops, nicolae_shop_trees
D:6:      layout_gridville, uniq_pikel, uniq_edmund, uniq_crazy_yiuf_cottage
D:7:      layout_basic, minmay_temple_entry_tees, kennysheep_potato
D:8:      layout_layer_cave, amcnicky_altar_gilded, kennysheep_mini,
          pdpol_wu_jian_five_deadly_venoms, jmf_multi_god_temple
D:9:      layout_roguey, nicolae_sif_muna_little_library,
          lemuel_mausoleum_altar_kikubaaqudgha, orc_0_dummy, uniq_gastronok,
          uniq_grum, uniq_maurice
D:10:     layout_loops_ring, regret_index_temple_of_mockery,
          mainiacjoe_overflow_concentric_impassable, serial_shops, shop,
          eino_house_with_fridge
D:11:     layout_irregular_city, due_lair_maze_entry_diamond,
          gammafunk_ghost_stat_death
Temple:   chequers_temple_sunken
Lair:1:   layout_hall_layers, gauntlet_entry_generic,
          grunt_forest_large_clearing_hut, grunt_megastairs_3
Lair:2:   layout_chaotic_city, palyth_hydra_swamp_entry, dummy_snake_entry,
          portal_ice_cave_demonic_guard, nicolae_lair_lindhole,
          lemuel_fruit_fields
Lair:3:   layout_roguey, pdpol_lair_cabin_in_the_woods
Lair:4:   layout_regular_city, st_stairs_3
Lair:5:   hangedman_lair_caniforms_friends, layout_cave_pods,
          minmay_slime_entry_pillars, hangedman_lair_unloving_vines,
          kennysheep_rathole, lemuel_fruit_tree
Snake:1:  nicolae_snake_unarmed_stairs_patrol, layout_layer_cave,
          nicolae_snake_salamander_zone, serial_bayou_shore_b, uniq_aizul
Orc:1:    layout_caves, lemuel_statue_altar, nicolae_orc_pool_cavern,
          guppyfry_library_mini
Orc:2:    st_orc_open, layout_caves, serial_shops, shop, basic_altar,
          gammafunk_ghost_split, nicolae_shop_gadgets, uniq_azrael,
          uniq_saint_roka

Skill      XL: |  1  2  3  4  5  6  7  8  9 10 11 12 13 14 |
---------------+-------------------------------------------+-----
Axes           | 2 3 |  3.6
Armour         | 3 4 5 6 7 8 |  8.4
Shields        | 3 4 |  4.2
Fighting       | 4 5 7 8 9 |  9.2
Necromancy     | 1 5 7 9 10 11 12 13 14 | 14.6
Spellcasting   | 1 4 5 8 9 10 11 12 | 12.4
Staves         | 2 4 5 6 7 |  7.2
Dodging        | 2 4 5 6 7 |  7.1
Summonings     | 4 6 8 |  8.3

Action                     |  1- 3 |  4- 6 |  7- 9 | 10-12 | 13-15 || total
---------------------------+-------+-------+-------+-------+-------++-------
  Melee: War axe           |    84 |    75 |   230 |   182 |       ||   571
         Lajatang          |       |       |       |   316 |   304 ||   620
         Staff             |       |       |       |     4 |       ||     4
   Fire: Sling             |       |       |       |       |     2 ||     2
   Cast: Animate Dead      |       |       |     4 |    19 |    12 ||    35
         Dispel Undead     |       |       |       |       |     1 ||     1
 Invoke: Unearth Wretches  |       |       |       |     1 |     1 ||     2
  Evoke: Wand              |       |       |       |     5 |       ||     5
    Use: Scroll            |     6 |     8 |     1 |    13 |     6 ||    34
         Potion            |       |     7 |     4 |     6 |     5 ||    22
   Stab: Distracted        |       |       |     1 |     2 |     5 ||     8
         Paralysed         |       |       |       |     3 |     1 ||     4
         Invisible         |       |       |       |     2 |       ||     2
 Armour: Scale mail        |    48 |    40 |   121 |   236 |       ||   445
         Skin              |       |       |    15 |       |       ||    15
         Plate armour      |       |       |       |    87 |   299 ||   386
         Robe              |       |       |       |     2 |       ||     2
  Dodge: Dodged            |    33 |    41 |    92 |   272 |   349 ||   787
  Block: Buckler           |    16 |    19 |    66 |    37 |       ||   138

Table legend: (Time is in decaauts)
 A = Elapsed time spent in this place.
 B = Non-inter-level travel time spent in this place.
 C = Inter-level travel time spent in this place.
 D = Time resting spent in this place.
 E = Time spent auto-exploring this place.
 F = Levels seen in this place.
 G = Mean time per level.
                   A        B        C        D        E       F      G
               +--------+--------+--------+--------+--------+-----+--------+
         Total |  24243 |  22077 |   2166 |   5009 |  12040 |  22 | 1102.0 |
       Dungeon |  14321 |  13038 |   1283 |   3287 |   7270 |  11 | 1301.9 |
        Temple |    222 |    196 |     26 |      0 |    167 |   1 |  222.0 |
          Lair |   5894 |   5444 |    450 |    671 |   3455 |   5 | 1178.8 |
     Snake Pit |    802 |    780 |     22 |     24 |    468 |   1 |  802.0 |
  Orcish Mines |   2756 |   2374 |    382 |   1026 |    679 |   2 | 1378.0 |
      Ice Cave |     28 |     28 |      0 |      0 |      0 |   1 |   28.0 |
      Gauntlet |    216 |    216 |      0 |      0 |      0 |   1 |  216.0 |
               +--------+--------+--------+--------+--------+-----+--------+

Top non-repeatable levels by time:
   Orc:1: 2298 daAuts
     D:8: 1887 daAuts
     D:9: 1886 daAuts
     D:4: 1706 daAuts
    D:10: 1666 daAuts
     D:7: 1579 daAuts
  Lair:2: 1391 daAuts
     D:6: 1370 daAuts
  Lair:5: 1344 daAuts
  Lair:3: 1172 daAuts
    D:11: 1040 daAuts
  Lair:4: 1029 daAuts
     D:3: 979 daAuts
  Lair:1: 956 daAuts
     D:5: 847 daAuts
